 Dungeon Crawl Stone Soup version 0.30-a0-965-g42e074c17a (webtiles) character file.

Game seed: 6847233718596382029

1654419 juan097 the Impregnable (level 25, 249/249 HPs)
             Began as a Minotaur Berserker on Mar 30, 2023.
             Was the Champion of Trog.
             Escaped with the Orb
             ... and 3 runes!
             The game lasted 03:14:57 (67241 turns).

juan097 the Impregnable (Minotaur Berserker)       Turns: 67241, Time: 03:14:58

Health: 249/249    AC: 58    Str: 32    XL:     25   Next: 25%
Magic:  31/31      EV: 16    Int:  8    God:    Trog [******]
Gold:   5337       SH:  0    Dex: 18    Spells: 24/24 levels left

rFire   . . .      SeeInvis .    a - +8 battleaxe (heavy)
rCold   + . .      Faith    .    (shield currently unavailable)
rNeg    + . .      Spirit   .    H - +13 crystal plate armour {rC+}
rPois   .          Reflect  .    Y - +2 hat
rElec   +          Rampage  .    q - +2 cloak {rCorr}
rCorr   +                        G - +1 pair of gloves
Will    +....                    C - +0 pair of boots "Vomigg" {rN+ Regen+ MP+9} Stlth
                                 V - amulet "Hero's Friend" {Acrobat *Corrode rF+ Str+3}
HPRegen 1.41/turn                I - ring of resist corrosion
MPRegen 0.22/turn                R - ring of Qifim {rElec AC+4 Int+6 Dex+5, =R}

@: studying Staves
A: horns 2, retaliatory headbutt, talons 1, clumsy 1, dopey 1, heat
vulnerability 1, inability to drink after injury 2
0: Orb of Zot
}: 3/15 runes: decaying, serpentine, silver
a: Renounce Religion, Berserk, Trog's Hand, Brothers in Arms


You escaped.
You worshipped Trog.
Trog was exalted by your worship.
You visited 9 branches of the dungeon, and saw 47 of its levels.
You visited the Abyss 1 time.
You also visited: Ice Cave.

You collected 8502 gold pieces.
You spent 3165 gold pieces at shops.

Inventory:

Hand Weapons
 a - a +8 heavy battleaxe (weapon)
 b - a +4 antimagic executioner's axe
Missiles
 j - 9 curare-tipped darts
 r - 2 silver boomerangs (quivered)
 B - 4 throwing nets
 P - 46 stones
 W - 3 javelins
Armour
 q - a +2 cloak of preservation (worn)
 C - the +0 pair of boots "Vomigg" (worn) {rN+ Regen+ MP+9}
   (You acquired it on level 4 of the Vaults)

   rN:        It protects you from negative energy.
   MP:        It affects your magic capacity (+9).
   Regen:     It increases your rate of health regeneration.
 G - a +1 pair of gloves (worn)
 H - a +13 crystal plate armour of cold resistance (worn)
 Y - a +2 hat (worn)
Jewellery
 w - a ring of protection from fire
 I - a ring of resist corrosion (left hand)
 K - the ring "Rysizi" {+Blink rElec Str-3 Dex+6 Stlth+}
   (You took it off a deep elf annihilator on level 3 of the Elven Halls)

   [ring of dexterity]

   Str:       It affects your strength (-3).
   Dex:       It affects your dexterity (+6).
   rElec:     It insulates you from electricity.
   +Blink:    It lets you blink.
   Stlth:     It makes you more stealthy.
 L - a ring of see invisible
 Q - a ring of poison resistance
 R - the ring of Qifim (right hand) {rElec AC+4 Int+6 Dex+5, =R}
   (You took it off a white draconian on level 4 of the Depths)

   [ring of protection]

   AC:        It affects your AC (+4).
   Int:       It affects your intelligence (+6).
   Dex:       It affects your dexterity (+5).
   rElec:     It insulates you from electricity.
 V - the amulet "Hero's Friend" (around neck) {Acrobat *Corrode rF+ Str+3}
   (You found it on level 3 of the Lair of Beasts)

   [amulet of the acrobat]

   It increases your evasion while moving and waiting.
   Str:       It affects your strength (+3).
   rF:        It protects you from fire.
   *Corrode:  It may corrode you when you take damage.
 X - the ring of the Carved God {rC+ rN+}
   (You found it on level 4 of the Realm of Zot)

   [ring of positive energy]

   rC:        It protects you from cold.
   rN:        It protects you from negative energy.
Wands
 y - a wand of digging (23)
 J - a wand of iceblast (46)
 T - a wand of acid (6)
Scrolls
 c - 10 scrolls of magic mapping
 g - 6 scrolls of silence
 i - 8 scrolls of poison
 k - 14 scrolls of teleportation
 l - a scroll of blinking
 t - 7 scrolls of fog
 x - 13 scrolls of fear
 z - 12 scrolls of vulnerability
 F - 3 scrolls of butterflies
Potions
 e - 7 potions of ambrosia
 h - 26 potions of curing
 m - 2 potions of magic
 p - 10 potions of flight
 s - 2 potions of invisibility
 u - 3 potions of resistance
 v - 3 potions of cancellation
 A - 7 potions of lignification
 D - 4 potions of berserk rage
 E - 13 potions of heal wounds
 N - 8 potions of mutation
 S - 10 potions of attraction
Miscellaneous
 d - a lightning rod (4/4)
 O - a tin of tremorstones (2/2)
 U - a condenser vane


   Skills:
 + Level 25.0 Fighting
 + Level 22.0 Axes
 - Level 6.0 Ranged Weapons
 + Level 20.0 Throwing
 + Level 25.0 Armour
 + Level 16.0 Dodging
 - Level 10.0 Stealth
 - Level 16.0 Evocations


You had 24 spell levels left.
You didn't know any spells.
Your spell library was empty.

Dungeon Overview and Level Annotations

Branches:
Dungeon (15/15)            Temple (0/1) D:7            Lair (5/5) D:9
  Swamp (4/4) Lair:3        Snake (4/4) Lair:3        Slime (0/5) Lair:4
    Orc (2/2) D:10            Elf (3/3) Orc:2        Vaults (5/5) D:14
  Crypt (0/3) Vaults:3     Depths (4/4) D:15            Zot (5/5) Depths:4
  IceCv (visited)

Altars:
Ashenzari
Cheibriados
Dithmenos
Elyvilon
Gozag
Kikubaaqudgha
Makhleb
Okawaru
Qazlal
Sif Muna
Uskayaw
Xom
Zin
The Shining One

Shops:
D:1 ?   D:6 !   D:10 [   D:14 (   Orc:2 !=!:   Snake:3 :*   Vaults:3 =
Vaults:4 ?   Zot:1 *   Depths:3 ?

Portals:
Hell: Depths:1 Depths:2 Depths:3 Depths:4
Abyss: Depths:2 Depths:3
Pandemonium: Depths:2 Depths:3
Ziggurat: Depths:1

Annotations:
D:12 1 runed translucent door, Fuggauru's ghost, journeyman HOFi
Elf:2 3 runed translucent doors
Zot:2 1 transporter


Innate Abilities, Weirdness & Mutations

You have a pair of horns on your head.
You reflexively headbutt those who attack you in melee.
You have sharp toenails.
You are clumsy. (Dex -2)
You are dopey. (Int -2)
You are vulnerable to heat. (rF-)
You sometimes lose the ability to drink potions when taking damage.


Message History

You kill the chaos spawn!
Trog accepts your kill.
The chaos spawn degenerates into a cloud of primal chaos!
(D) Dungeon (T) Temple (L) Lair (S) Swamp (P) Snake Pit (M) Slime Pits (O) Orcish Mines (E) Elven Halls (V) Vaults (C) Crypt (U) Depths (H) Hell (Z) Zot
Where to? (Enter - D:1, ? - help)
There is a stone staircase leading up here.
You climb upwards.
There is a stone staircase leading down here.
You see here a +0 flail.
There is a stone staircase leading up here.
You climb upwards.
There is a stone staircase leading down here.
There is an open door here.
There is an open door here.
There is a stone staircase leading up here.
You climb upwards.
There is a stone staircase leading down here.
There is a stone staircase leading up here.
You climb upwards.
There is a stone staircase leading down here.
There is a stone staircase leading up here.
You climb upwards.
There is a stone staircase leading down here.
Things that are here:
a +0 chain mail; a +0 short sword
There is a stone staircase leading up here.
You climb upwards.
There is a stone staircase leading down here.
There is a stone staircase leading up here.
You climb upwards.
There is a stone staircase leading down here.
You see here a +0 mace.
You open the door.
There is an open door here.
There is an open door here.
There is a staircase leading out of the dungeon here.
You have escaped!

........##..####+###
..#####.##...'.....##### ..#
#.##...#.....#...# ..#
#.##...#..⌠..'.8.#### ..#
#......#.....#...#..#######
.##
####.#.'.....######........
.# #.#####'### #..###### .#
#.##.#...# ### #..#
.#########.##.#.@.# #.# #..#
...........##.#...# #.# #..#
............>.#######.###..#
#####.........#
###....##..## ## ####.######
#....#......# #> #.#
#####.#....####.####. #.#
#.....#.#.## #......
#.####.#####.#.##########.
#...)..# #.#............


There were no monsters in sight!

Vanquished Creatures
  8 orbs of fire (Zot:5)
  2 ancient liches (Zot:5)
  2 dread liches
  Mennas (Depths:3)
  Sojobo (Vaults:3)
  3 Killer Klowns
  Margery (Depths:2)
  Vashnia (Snake:2)
  2 curse toes
  Saint Roka (Orc:1)
  5 caustic shrikes (Depths:4)
  8 golden dragons
  A bone dragon (Abyss:3)
  4 electric golems
  19 tentacled monstrosities
  Zenata (Vaults:3)
  Jorgrun (Snake:3)
  22 Orb Guardians (Zot:5)
  Rupert (D:15)
  Mlioglotl (Snake:3)
  4 deep elf blademasters (Elf:3)
  2 deep elf master archers (Elf:3)
  10 quicksilver dragons
  8 titans
  Frances (Swamp:1)
  6 death cobs
  8 shadow dragons
  An Executioner (D:13)
  5 sphinxes
  5 tengu reavers
  Kirke (D:15)
  19 storm dragons
  Roxanne (Snake:2)
  9 nagarajas
  Donald (Snake:1)
  8 draconian monks
  5 frost giants
  2 fire giants
  21 vault wardens
  3 draconian knights
  Louise (D:15)
  4 deep elf sorcerers (Elf:3)
  9 draconian scorchers
  3 draconian stormcallers
  5 draconian shifters
  4 iron dragons
  19 ironbound preservers
  2 ghost moths (Zot:2)
  An orc warlord (Vaults:2)
  3 deep elf elementalists
  15 ironbound thunderhulks
  15 very ugly things
  7 draconian annihilators
  6 war gargoyles
  2 vampire knights
  8 deep elf demonologists
  A lorocyproca (Depths:2)
  8 stone giants
  14 green draconians
  13 black draconians
  12 deep elf annihilators
  An eleionoma (Swamp:2)
  23 red draconians
  Azrael (D:14)
  The ghost of NinjaNoafa the Spry, a journeyman FeSu of Gozag (Snake:3)
  7 bunyips
  14 yellow draconians
  7 dire elephants
  13 purple draconians
  18 white draconians
  5 ettins
  2 crystal guardians (Vaults:3)
  A jiangshi (Vaults:3)
  3 deep elf death magi
  2 shambling mangroves (Swamp:2)
  5 fire dragons
  An entropy weaver (Vaults:3)
  11 yaktaur captains
  7 deep elf high priests
  2 great orbs of eyes
  6 peacekeepers
  4 rakshasas
  6 ice dragons
  5 salamander tyrants
  30 vault guards
  19 hydras
  4 ironbound frosthearts
  A ghost crab (Swamp:4)
  A catoblepas (Lair:5)
  2 spriggan air magi
  A centaur warrior (D:14)
  13 anacondas
  6 tengu warriors
  7 boulder beetles
  8 dancing weapons
  17 alligators
  21 death yaks
  4 deep troll shamans
  2 deep troll earth magi (Depths:4)
  13 naga warriors
  A death knight (D:14)
  4 orc high priests (Orc:2)
  Urug (Lair:3)
  8 naga sharpshooters
  2 spriggan berserkers (Depths:3)
  8 shock serpents
  7 hell knights
  Sonja (Orc:1)
  7 deep elf knights
  A fire crab (Swamp:4)
  2 sun demons (Depths:2)
  7 skeletal warriors
  A shadow wraith (D:14)
  A sixfirhy (Zot:5)
  3 skysharks
  A salamander mystic (Snake:1)
  2 goliath frogs (Swamp:3)
  3 iron trolls
  2 flayed ghosts
  3 death drakes (Depths:4)
  A death drake (shapeshifter) (Vaults:4)
  A sea snake (shapeshifter) (Vaults:5)
  9 lindwurms
  10 naga ritualists
  38 deep trolls
  12 deep elf archers
  4 glowing orange brains
  8 swamp dragons
  2 spriggan druids
  2 bog bodies (Swamp:2)
  4 phantasmal warriors
  A tengu zombie (Vaults:4)
  An obsidian statue (Snake:3)
  6 orc knights
  8 mana vipers
  10 wizards
  3 necromancers
  5 harpies (Vaults:2)
  25 ironbound convokers
  20 deep elf pyromancers
  An oklob plant (Lair:4)
  2 human zombies (Vaults:4)
  10 deep elf zephyrmancers
  An orc sorcerer (Orc:2)
  A manticore (D:11)
  22 moths of wrath
  55 ugly things
  3 will-o-the-wisps
  A spectral centaur (D:12)
  Maurice (D:8)
  2 guardian serpents (Snake:1)
  11 salamanders
  An apocalypse crab (Abyss:3)
  2 centaur zombies (D:12)
  9 cyclopes
  Joseph (D:8)
  17 vault sentinels
  8 elephants
  22 naga magi
  An ice statue (IceCv)
  A smoke demon (D:15)
  32 black mambas
  A gargoyle (D:14)
  A guardian serpent (shapeshifter) (Vaults:5)
  A rust devil (Depths:2)
  3 orange demons (Depths:2)
  14 cane toads
  An efreet (D:13)
  29 yaktaurs
  A rime drake (Lair:5)
  2 centaur skeletons (D:12)
  2 tengu conjurers
  An ice devil (Depths:2)
  An unseen horror (D:9)
  7 komodo dragons
  A freezing wraith (Vaults:5)
  A tormentor (Zot:1)
  12 polar bears
  2 merfolk (shapeshifter)
  8 tyrant leeches
  6 hellwings
  A red devil (Depths:2)
  The ghost of deadpool521 the Chopper, an amateur MiFi (D:3)
  18 hornets
  10 trolls
  5 bloated husks
  3 meliai (D:14)
  Grinder (D:3)
  A tengu simulacrum (Vaults:4)
  14 dream sheep
  3 blink frogs (Lair:4)
  9 air elementals
  2 jumping spiders (shapeshifter)
  27 slime creatures
  12 spriggans
  2 shadows
  3 water elementals
  4 wyverns
  A vampire (D:12)
  A wraith (Vaults:3)
  7 hogs
  9 fire elementals
  77 yaks
  A steam dragon (Swamp:4)
  2 chaos spawn
  A redback (Vaults:3)
  A basilisk (Lair:4)
  4 vampire mosquitoes
  4 wargs
  14 swamp worms
  A glowing shapeshifter zombie (Vaults:4)
  15 water moccasins
  46 nagas
  3 acid dragons
  A floating eye (shapeshifter) (Vaults:5)
  2 large abominations (Abyss:3)
  6 black bears
  24 orc warriors
  2 ice beasts
  2 sky beasts
  11 swamp drakes (Swamp:4)
  38 wolves
  8 ogres
  An ettin simulacrum (Vaults:4)
  7 centaurs
  An elf simulacrum (Vaults:4)
  3 phantoms
  6 kobold brigands
  14 bullfrogs
  4 earth elementals
  5 gnoll sergeants
  3 scorpions
  4 wights (D:7)
  4 killer bees (D:8)
  7 howler monkeys
  14 jellies
  3 lava snakes (Lair:3)
  3 hounds
  28 orc priests
  A gnoll bouda (Orc:2)
  Crazy Yiuf (D:5)
  7 iguanas
  27 orc wizards
  2 sleepcaps (D:6)
  9 adders
  17 gnolls
  12 white imps (D:13)
  2 ufetubi
  A worm (D:2)
  3 dart slugs
  75 orcs
  2 ball pythons (D:1)
  8 endoplasms
  2 giant cockroaches (D:4)
  8 goblins
  5 hobgoblins
  24 kobolds
  3 quokkas
  5 bats
  3 frilled lizards
  4 rats
1909 creatures vanquished.

Vanquished Creatures (collateral kills)
  A glowing orange brain (Vaults:4)
  A wizard (Vaults:4)
  2 lindwurms (Vaults:4)
4 creatures vanquished.

Vanquished Creatures (others)
  Asterion (Snake:1)
  A fire giant (Depths:4)
  A black draconian (Depths:4)
  A yellow draconian (Zot:1)
  A bog body (Swamp:2)
  A naga (Snake:1)
  A swamp drake (Swamp:4)
  4 foxfires (Swamp:4)
  60 fungi
  81 plants
152 creatures vanquished.

Grand Total: 2065 creatures vanquished

Notes
Turn   | Place    | Note
-------+----------+-------------------------------------------
     0 | D:1      | juan097 the Minotaur Berserker began the quest for the Orb.
     0 | D:1      | Reached XP level 1. HP: 19/19 MP: 0/0
   335 | D:1      | Found Makhamu's Magic Scroll Shoppe.
   388 | D:1      | Reached XP level 2. HP: 27/27 MP: 1/1
   864 | D:2      | Reached XP level 3. HP: 33/33 MP: 2/2
  1023 | D:2      | Reached ** piety under Trog
  1234 | D:3      | Reached XP level 4. HP: 40/40 MP: 3/3
  1393 | D:3      | Noticed Grinder
  1405 | D:3      | Killed Grinder
  1406 | D:3      | Reached skill level 5 in Axes
  1406 | D:3      | Reached XP level 5. HP: 47/47 MP: 4/4
  1406 | D:3      | Reached XP level 6. HP: 55/55 MP: 5/5
  1489 | D:3      | Found a faded altar of an unknown god.
  1570 | D:3      | Found a runed translucent gate.
  1570 | D:3      | Found a runed translucent gate.
  1572 | D:3      | Found a runed translucent gate.
  1572 | D:3      | Noticed deadpool521's ghost (amateur MiFi)
  1728 | D:3      | Identified the +5 ring mail "Moklaat" {Int+2 Dex+2}
  1787 | D:3      | Reached skill level 5 in Fighting
  2297 | D:1      | Bought a scroll of fear for 52 gold pieces
  2297 | D:1      | Bought a scroll of teleportation for 39 gold pieces
  3142 | D:4      | Reached XP level 7. HP: 37/62 MP: 6/6
  3268 | D:5      | Entered Level 5 of the Dungeon
  3858 | D:5      | Reached XP level 8. HP: 49/70 MP: 7/7
  4295 | D:5      | Reached skill level 10 in Axes
  4416 | D:5      | Found a runed translucent door.
  4417 | D:5      | Noticed Crazy Yiuf
  4656 | D:5      | Killed Crazy Yiuf
  4657 | D:5      | Reached skill level 1 in Stealth
  4672 | D:5      | Identified the +10 hammer "Iwuffehe" {holy, rElec rPois rF+
                  | rC+}
  4795 | D:6      | Found Itubisug's Distillery.
  4802 | D:6      | Bought a potion of degeneration for 14 gold pieces
  4802 | D:6      | Bought a potion of heal wounds for 70 gold pieces
  5162 | D:6      | Reached *** piety under Trog
  5422 | D:6      | Reached XP level 9. HP: 70/79 MP: 8/8
  6098 | D:1      | Bought a scroll of identify for 26 gold pieces
  6098 | D:1      | Bought a scroll of identify for 26 gold pieces
  6098 | D:1      | Bought a scroll of fog for 52 gold pieces
  6103 | D:1      | Identified a scroll of acquirement
  6587 | D:7      | Found a staircase to the Ecumenical Temple.
  6920 | D:7      | Found a white marble altar of Elyvilon.
  6920 | D:7      | Found a glowing golden altar of the Shining One.
  6920 | D:7      | Found a glowing silver altar of Zin.
  7203 | D:8      | Noticed Maurice
  7208 | D:8      | Reached **** piety under Trog
  7217 | D:8      | Killed Maurice
  7261 | D:8      | Reached skill level 10 in Fighting
  7263 | D:8      | Identified the +0 leather armour of the Vestibule of Hell
                  | {rElec Str+5 Int+5}
  7662 | D:8      | Found a hide-covered altar of Uskayaw.
  7690 | D:8      | Reached XP level 10. HP: 93/93 MP: 9/9
  7838 | D:8      | Found a shimmering altar of Xom.
  7842 | D:8      | Found an iron altar of Okawaru.
  7844 | D:8      | Found a snail-covered altar of Cheibriados.
  7950 | D:8      | Noticed Joseph
  7980 | D:8      | Killed Joseph
  8411 | D:6      | Bought a potion of curing for 42 gold pieces
  8411 | D:6      | Bought a potion of lignification for 42 gold pieces
  8978 | D:9      | Identified the +11 spear of Massacring {speed, +Blink Will+
                  | Str+3}
  9242 | D:9      | Found a staircase to the Lair.
  9320 | D:9      | Reached skill level 5 in Armour
  9324 | D:9      | Reached skill level 5 in Dodging
  9616 | Lair:1   | Entered Level 1 of the Lair of Beasts
  9626 | Lair:1   | Acquired the +5 chain mail "Vaodoha" {Will+ Stlth+}
  9648 | Lair:1   | Noticed a black mamba
  9654 | Lair:1   | Killed a black mamba
  9695 | Lair:1   | Noticed a cane toad
  9701 | Lair:1   | Killed a cane toad
  9733 | Lair:1   | Reached ***** piety under Trog
  9970 | Lair:1   | Reached XP level 11. HP: 94/102 MP: 10/10
 10230 | Lair:1   | Reached skill level 15 in Axes
 10725 | Lair:2   | Noticed a lindwurm
 10733 | Lair:2   | Killed a lindwurm
 10734 | Lair:2   | Reached skill level 1 in Ranged Weapons
 10871 | Lair:2   | Noticed an eight-headed hydra
 10955 | D:10     | Entered Level 10 of the Dungeon
 11108 | D:10     | Found Xuugurin's Armour Emporium.
 11116 | D:10     | Bought a +2 cloak for 214 gold pieces
 11331 | D:10     | Found a staircase to the Orcish Mines.
 11459 | D:10     | Received a gift from Trog
 11460 | D:10     | Reached XP level 12. HP: 78/113 MP: 11/11
 11845 | Orc:1    | Entered Level 1 of the Orcish Mines
 12004 | Orc:2    | Entered Level 2 of the Orcish Mines
 12004 | Orc:2    | Noticed Saint Roka
 12153 | Lair:2   | Killed a four-headed hydra
 12541 | Lair:2   | Reached skill level 5 in Ranged Weapons
 12757 | Lair:2   | Reached skill level 10 in Armour
 13024 | Lair:3   | Noticed a boulder beetle
 13032 | Lair:3   | Killed a boulder beetle
 13086 | Lair:3   | Identified the amulet "Hero's Friend" {Acrobat *Corrode rF+
                  | Str+3}
 13113 | Lair:3   | Found a staircase to the Swamp.
 13347 | Lair:3   | Noticed Urug
 13361 | Lair:3   | Killed Urug
 13362 | Lair:3   | Reached skill level 1 in Throwing
 13611 | Lair:3   | Found a staircase to the Snake Pit.
 13999 | Lair:4   | Noticed a five-headed hydra
 14007 | Lair:4   | Killed a three-headed hydra
 14087 | Lair:4   | Received a gift from Trog
 14240 | Lair:4   | Reached XP level 13. HP: 123/124 MP: 12/12
 14406 | Lair:4   | Reached skill level 5 in Throwing
 14652 | Lair:4   | Found a staircase to the Slime Pits.
 15143 | Lair:5   | Entered Level 5 of the Lair of Beasts
 15149 | Lair:5   | Reached skill level 1 in Evocations
 15378 | Lair:5   | Reached skill level 5 in Evocations
 15970 | Lair:5   | Noticed a dire elephant
 15990 | Lair:5   | Killed a dire elephant
 16165 | Lair:5   | Reached XP level 14. HP: 85/132 MP: 13/13
 16206 | Lair:5   | Received a gift from Trog
 17706 | D:3      | Killed deadpool521's ghost
 18100 | Orc:1    | Killed Saint Roka
 18529 | Orc:2    | Identified the +9 demon trident "Dileli" {flame, *Rage
                  | rElec rN+} (Trog gifted it to you on level 2 of the Orcish
                  | Mines)
 18529 | Orc:2    | Received a gift from Trog
 18720 | Orc:2    | Found a staircase to the Elven Halls.
 19191 | Orc:2    | Reached skill level 15 in Fighting
 19385 | Orc:2    | Paralysed by an orc sorcerer for 5 turns
 19411 | Orc:2    | Found Dyllett's Distillery.
 19411 | Orc:2    | Found Teirel's Distillery.
 19412 | Orc:2    | Found Ofabaps's Jewellery Boutique.
 19416 | Orc:2    | Found Xoseil's Book Shop.
 19430 | Orc:2    | Bought a potion of might for 64 gold pieces
 19430 | Orc:2    | Bought a potion of mutation for 128 gold pieces
 19742 | Orc:1    | Found a burning altar of Makhleb.
 19840 | Orc:1    | Noticed Sonja
 19856 | Orc:1    | Killed Sonja
 20153 | Orc:2    | Bought a potion of attraction for 39 gold pieces
 20153 | Orc:2    | Bought a potion of resistance for 130 gold pieces
 20158 | Orc:2    | Bought a potion of might for 64 gold pieces
 20158 | Orc:2    | Bought a potion of flight for 48 gold pieces
 20164 | Orc:2    | Bought a potion of berserk rage for 65 gold pieces
 20922 | D:11     | Received a gift from Trog
 21390 | D:12     | Found a runed translucent door.
 21400 | D:12     | Noticed Fuggauru's ghost (journeyman HOFi)
 23077 | D:13     | Found a frozen archway.
 23108 | IceCv    | Entered an ice cave
 23115 | IceCv    | Reached XP level 15. HP: 144/144 MP: 14/14
 23223 | IceCv    | Received a gift from Trog
 23375 | IceCv    | Noticed a frost giant
 23389 | IceCv    | Killed a frost giant
 23492 | IceCv    | Identified the +8 mace "Narph" {pain, Dex+3}
 23771 | IceCv    | Identified the staff of earth "Sasoh" {*Slow +Blink rF+
                  | Will++ Str+3}
 24237 | D:13     | Found an ancient bone altar of Kikubaaqudgha.
 24667 | D:14     | Reached ****** piety under Trog
 24687 | D:14     | Received a gift from Trog
 25023 | D:14     | Found a shimmering blue altar of Sif Muna.
 25060 | D:14     | Found Qiets's Weapon Shoppe.
 25184 | D:14     | Noticed Azrael
 25195 | D:14     | Killed Azrael
 25472 | D:14     | Found a gate to the Vaults.
 25524 | D:15     | Entered Level 15 of the Dungeon
 25524 | D:15     | Noticed Kirke
 25873 | D:15     | Noticed Rupert
 25884 | D:15     | Killed Rupert
 26151 | D:15     | Noticed Louise
 26169 | D:15     | Killed Louise
 26939 | D:15     | Found a staircase to the Depths.
 27349 | Swamp:1  | Entered Level 1 of the Swamp
 27402 | Swamp:1  | Reached XP level 16. HP: 139/154 MP: 15/15
 27413 | Swamp:1  | Reached skill level 15 in Armour
 27554 | Swamp:1  | Noticed Frances
 27567 | Swamp:1  | Killed Frances
 28045 | Swamp:1  | Received a gift from Trog
 28677 | Swamp:2  | Reached skill level 10 in Dodging
 29800 | Orc:2    | Bought a +5 ring of evasion for 360 gold pieces
 29800 | Orc:2    | Bought a ring of resist corrosion for 200 gold pieces
 30660 | Swamp:3  | Reached skill level 10 in Evocations
 31110 | Swamp:4  | Entered Level 4 of the Swamp
 31436 | Swamp:4  | Received a gift from Trog
 31633 | Swamp:4  | Identified the staff of death "Teohomus" {rN+ Stlth+}
 31786 | Swamp:4  | Reached XP level 17. HP: 163/163 MP: 16/16
 32186 | Swamp:4  | Got a decaying rune of Zot
 32313 | Snake:1  | Entered Level 1 of the Snake Pit
 33001 | Snake:1  | Reached skill level 10 in Throwing
 33015 | Snake:1  | Noticed Asterion
 33031 | Snake:1  | Killed Asterion
 33133 | Snake:1  | Noticed Donald
 33143 | Snake:1  | Killed Donald
 33771 | Snake:1  | Received a gift from Trog
 34728 | Snake:2  | Noticed Vashnia
 35128 | Snake:2  | Killed Vashnia
 35492 | Snake:2  | Identified Roxanne's Lectures on Shapeshifting
 35492 | Snake:2  | Noticed Roxanne
 35563 | Snake:2  | Killed Roxanne
 36785 | Snake:3  | Found a runed translucent gate.
 36786 | Snake:3  | Found a runed translucent gate.
 36786 | Snake:3  | Found a runed translucent gate.
 36786 | Snake:3  | Found an opulent altar of Gozag.
 36788 | Snake:3  | Found Imucromo's Assorted Antiques.
 36788 | Snake:3  | Noticed NinjaNoafa's ghost (journeyman FeSu)
 36857 | Snake:3  | Found Saidah's Book Emporium.
 37809 | Snake:3  | Noticed Mlioglotl
 37848 | Snake:3  | Killed Mlioglotl
 38187 | Snake:3  | Noticed Jorgrun
 38200 | Snake:3  | Killed Jorgrun
 38200 | Snake:3  | Received a gift from Trog
 38455 | Snake:3  | Reached XP level 18. HP: 169/173 MP: 17/17
 38567 | Snake:3  | Killed NinjaNoafa's ghost
 38844 | Snake:4  | Entered Level 4 of the Snake Pit
 39344 | Snake:4  | Found a stormy altar of Qazlal.
 40171 | Snake:4  | Received a gift from Trog
 41034 | Snake:4  | Got a serpentine rune of Zot
 41559 | Vaults:1 | Entered Level 1 of the Vaults
 43701 | Vaults:2 | Reached XP level 19. HP: 153/185 MP: 18/18
 44069 | Vaults:2 | Received a gift from Trog
 44982 | Vaults:3 | Received a gift from Trog
 45011 | Vaults:3 | Found Zahaf's Jewellery Emporium.
 45016 | Vaults:3 | Paralysed by a great orb of eyes for 4 turns
 45025 | Vaults:3 | Bought a ring of see invisible for 270 gold pieces
 45388 | Vaults:3 | Found a staircase to the Crypt.
 45661 | Vaults:3 | Noticed Sojobo
 45677 | Vaults:3 | Paralysed by an air elemental for 1 turns
 45682 | Vaults:3 | Paralysed by an air elemental for 1 turns
 45686 | Vaults:3 | Paralysed by an air elemental for 1 turns
 45690 | Vaults:3 | Paralysed by an air elemental for 1 turns
 45694 | Vaults:3 | Killed Sojobo
 46044 | Vaults:3 | Noticed Zenata
 46056 | Vaults:3 | Killed Zenata
 46056 | Vaults:3 | Identified the +1 battleaxe "Mokoudod" {flame, rF+ rCorr
                  | Str+2} (Trog gifted it to you on level 3 of the Vaults)
 46056 | Vaults:3 | Received a gift from Trog
 47227 | Vaults:4 | Reached XP level 20. HP: 191/193 MP: 19/19
 47242 | Vaults:4 | Upgraded the game from 0.30-a0-964-gd452b5e7fa to
                  | 0.30-a0-965-g42e074c17a
 47804 | Vaults:4 | Reached skill level 15 in Throwing
 47804 | Vaults:4 | Received a gift from Trog
 48534 | Vaults:4 | Found Beukki Weesh's Magic Scroll Shoppe.
 48541 | Vaults:4 | Bought a scroll of acquirement for 936 gold pieces
 48542 | Vaults:4 | Acquired the +0 pair of boots "Vomigg" {rN+ Regen+ MP+9}
 49383 | D:15     | Killed Kirke
 49412 | Depths:1 | Entered Level 1 of the Depths
 49514 | Depths:1 | Found a one-way gateway to a ziggurat.
 49516 | Depths:1 | Paralysed by a floating eye for 4 turns
 49570 | Depths:1 | Found a broken altar of Ashenzari.
 49867 | Depths:1 | Found a gateway to Hell.
 50012 | Depths:1 | Received a gift from Trog
 50277 | Depths:2 | Found a one-way gate to the infinite horrors of the Abyss.
 50650 | Depths:2 | Found a one-way gate leading to the halls of Pandemonium.
 51201 | Depths:3 | Found Nenoulo's Magic Scroll Boutique.
 51208 | Depths:3 | Bought a scroll of enchant weapon for 142 gold pieces
 51208 | Depths:3 | Bought a scroll of enchant armour for 142 gold pieces
 51488 | Depths:3 | Noticed Margery
 51678 | Depths:2 | Killed Margery
 51741 | Depths:3 | Reached XP level 21. HP: 196/201 MP: 20/20
 51765 | Depths:2 | Received a gift from Trog
 52099 | Depths:3 | Identified the +2 broad axe of Fimbulwinter {heavy, rElec
                  | rF++}
 52183 | Depths:3 | Noticed Mennas
 52438 | Depths:3 | Killed Mennas
 52502 | Depths:4 | Entered Level 4 of the Depths
 52773 | Depths:4 | Noticed a caustic shrike
 52775 | Depths:4 | Noticed a caustic shrike
 52780 | Depths:4 | Noticed a caustic shrike
 52783 | Depths:4 | Noticed a caustic shrike
 52784 | Depths:4 | Killed a caustic shrike
 52784 | Depths:4 | Noticed a caustic shrike
 52788 | Depths:4 | Killed a caustic shrike
 52790 | Depths:4 | Killed a caustic shrike
 52794 | Depths:4 | Killed a caustic shrike
 52796 | Depths:4 | Killed a caustic shrike
 52892 | Depths:4 | Found a shadowy altar of Dithmenos.
 53394 | Depths:4 | Noticed a golden dragon
 53544 | Depths:4 | Killed a golden dragon
 53672 | Depths:4 | Noticed a golden dragon
 53963 | Depths:4 | Killed a golden dragon
 53973 | Depths:4 | Received a gift from Trog
 54016 | Depths:4 | Identified the +7 war axe "Geps" {freeze, rPois}
 54016 | Depths:4 | Identified the ring of Qifim {rElec AC+4 Int+6 Dex+5}
 54018 | Depths:4 | Noticed a golden dragon
 54031 | Depths:4 | Killed a golden dragon
 54070 | Depths:4 | Found a gate to the Realm of Zot.
 54132 | Depths:4 | Identified the staff of cold "Kikhlit" {rF+ rC+ Str+4
                  | Stlth+}
 54133 | Depths:4 | Identified the +3 ring mail of Tartarus {rF+ Regen+ Dex+3
                  | Stlth-}
 54437 | Elf:1    | Entered Level 1 of the Elven Halls
 54593 | Elf:1    | Reached XP level 22. HP: 209/213 MP: 10/21
 54908 | Elf:1    | Paralysed by an air elemental for 1 turns
 55251 | Elf:2    | Paralysed by an air elemental for 1 turns
 55307 | Elf:2    | Received a gift from Trog
 55425 | Elf:2    | Found a runed translucent gate.
 55425 | Elf:2    | Found a runed translucent gate.
 55425 | Elf:2    | Found a runed translucent gate.
 55459 | Elf:2    | Paralysed by an air elemental for 1 turns
 55780 | Elf:3    | Entered Level 3 of the Elven Halls
 56155 | Abyss:3  | Cast into level 3 of the Abyss (a deep elf demonologist)
 56230 | Elf:3    | Escaped the Abyss
 56244 | Elf:3    | Received a gift from Trog
 56437 | Elf:3    | Identified the ring "Ifral" {rPois MP+9 Str+3 Int-5}
 56440 | Elf:3    | Identified the ring "Rysizi" {+Blink rElec Str-3 Dex+6
                  | Stlth+}
 56441 | Elf:3    | Identified the +3 buckler of Qoghyugi {rN+ Str+2 Dex-4}
 56523 | Elf:3    | Identified the +11 trident of True Grit {heavy, rN+ Dex+4}
 56534 | Elf:3    | Identified the +6 quick blade "Heteopin" {flame, rN+ Will+
                  | Str+4 Int-4}
 56549 | Elf:3    | Identified the +3 ring mail of the Hot Ocelot {rElec rF+
                  | rC+ Dex+3}
 56550 | Elf:3    | Identified the staff of air "Gameatwe" {rElec Str+2}
 56556 | Elf:3    | Identified the ring "Ixuake" {AC+4 Str+2 Dex+3}
 56593 | Elf:3    | Identified the +7 mace of Pain and Death {heavy, rPois
                  | rCorr Str+4 Dex-2}
 56822 | Elf:3    | Paralysed by an air elemental for 1 turns
 56877 | Elf:3    | Paralysed by an air elemental for 1 turns
 56883 | Elf:3    | Identified the +8 chain mail "Ulocaotugha" {Contam rPois
                  | Int+4}
 57443 | Vaults:5 | Entered Level 5 of the Vaults
 57633 | Vaults:5 | Paralysed by a sphinx for 2 turns
 57654 | Vaults:4 | Received a gift from Trog
 57848 | Vaults:5 | Identified the +3 leather armour of the Accordion {rPois
                  | rC+ Dex+3}
 58088 | Vaults:5 | Noticed a golden dragon
 58105 | Vaults:5 | Killed a golden dragon
 58125 | Vaults:5 | Reached XP level 23. HP: 114/223 MP: 22/22
 58266 | Vaults:5 | Identified the +3 scimitar of Evisceration {antimagic,
                  | Dex+3}
 58274 | Vaults:5 | Received a gift from Trog
 58607 | Vaults:5 | Got a silver rune of Zot
 58767 | Vaults:5 | Identified the +0 leather armour "Nocatz" {rC- rN+ MP+9
                  | Dex+3}
 59316 | Vaults:5 | Reached skill level 15 in Dodging
 59468 | Vaults:5 | Noticed a dread lich
 59468 | Vaults:5 | Paralysed by a dread lich for 5 turns
 59489 | Vaults:5 | Killed a dread lich
 59994 | Zot:1    | Entered Level 1 of the Realm of Zot
 59994 | Zot:1    | Found Taleir's Changing Room.
 60053 | Zot:1    | Received a gift from Trog
 61134 | Zot:2    | Reached skill level 15 in Evocations
 61245 | Zot:2    | Found a transporter.
 61308 | Zot:2    | Noticed a curse toe
 61380 | Zot:2    | Killed a curse toe
 62094 | Zot:2    | Found the +0 mask of the Dragon {Will+ Slay+3 SInv}
 62732 | Zot:3    | Identified the +9 lajatang "Mujy Aje" {freeze, *Slow rN+
                  | SInv}
 63263 | Zot:4    | Reached skill level 5 in Stealth
 63268 | Zot:4    | Reached XP level 24. HP: 196/235 MP: 22/22
 63304 | Zot:4    | Received a gift from Trog
 63416 | Zot:4    | Identified the ring of the Carved God {rC+ rN+}
 64317 | Zot:5    | Entered Level 5 of the Realm of Zot
 64849 | Zot:5    | Noticed an ancient lich
 64849 | Zot:5    | Noticed a dread lich
 64863 | Zot:5    | Killed an ancient lich
 64870 | Zot:5    | Noticed an orb of fire
 64870 | Zot:5    | Noticed an orb of fire
 64894 | Zot:4    | Killed a dread lich
 65032 | Zot:5    | Killed an orb of fire
 65038 | Zot:5    | Received a gift from Trog
 65071 | Zot:5    | Gained mutation: You are clumsy. (Dex -2) [an orb of fire]
 65080 | Zot:5    | Gained mutation: You occasionally lose the ability to read
                  | scrolls when taking damage. [an orb of fire]
 65085 | Zot:5    | Noticed an orb of fire
 65088 | Zot:5    | Gained mutation: You are very clumsy. (Dex -4) [an orb of
                  | fire]
 65089 | Zot:5    | Gained mutation: You are frail. (-10% HP) [an orb of fire]
 65090 | Zot:5    | Gained mutation: You have hidden genetic defects. [an orb
                  | of fire]
 65093 | Zot:5    | Noticed a Killer Klown
 65093 | Zot:5    | Gained mutation: You occasionally lose the ability to drink
                  | potions when taking damage. [an orb of fire]
 65096 | Zot:5    | Killed an orb of fire
 65101 | Zot:5    | Gained mutation: You are weak. (Str -2) [an orb of fire]
 65107 | Zot:5    | Noticed an orb of fire
 65108 | Zot:5    | Killed an orb of fire
 65131 | Zot:5    | HP: 4/214 [orb of fire/bolt of fire (34)]
 65277 | Zot:4    | Lost mutation: You occasionally lose the ability to read
                  | scrolls when taking damage. [potion of mutation]
 65277 | Zot:4    | Lost mutation: You have hidden genetic defects. [potion of
                  | mutation]
 65277 | Zot:4    | Gained mutation: You have sharp toenails. [potion of
                  | mutation]
 65277 | Zot:4    | Gained mutation: Your magical capacity is low. (-10% MP)
                  | [potion of mutation]
 65277 | Zot:4    | Lost mutation: Your magical capacity is low. (-10% MP)
                  | [potion of mutation]
 65278 | Zot:4    | Lost mutation: You have sharp toenails. [potion of
                  | mutation]
 65278 | Zot:4    | Lost mutation: You occasionally lose the ability to drink
                  | potions when taking damage. [potion of mutation]
 65278 | Zot:4    | Lost mutation: You are weak. (Str -2) [potion of mutation]
 65278 | Zot:4    | Gained mutation: You have supernaturally acute eyesight.
                  | (SInv) [potion of mutation]
 65278 | Zot:4    | Gained mutation: Armour fits poorly on your strangely
                  | shaped body. [potion of mutation]
 65279 | Zot:4    | Lost mutation: You are very clumsy. (Dex -4) [potion of
                  | mutation]
 65279 | Zot:4    | Lost mutation: Armour fits poorly on your strangely shaped
                  | body. [potion of mutation]
 65279 | Zot:4    | Lost mutation: You have supernaturally acute eyesight.
                  | (SInv) [potion of mutation]
 65279 | Zot:4    | Gained mutation: You have sharp toenails. [potion of
                  | mutation]
 65279 | Zot:4    | Gained mutation: Your system is resistant to poisons.
                  | (rPois) [potion of mutation]
 65330 | Zot:4    | Killed a Killer Klown
 65422 | Zot:5    | Gained mutation: You occasionally lose the ability to drink
                  | potions when taking damage. [an orb of fire]
 65428 | Zot:5    | Gained mutation: You have hidden genetic defects. [an orb
                  | of fire]
 65436 | Zot:5    | Killed an orb of fire
 65439 | Zot:4    | Lost mutation: You have hidden genetic defects. [potion of
                  | mutation]
 65439 | Zot:4    | Lost mutation: You are clumsy. (Dex -2) [potion of
                  | mutation]
 65439 | Zot:4    | Lost mutation: You have sharp toenails. [potion of
                  | mutation]
 65439 | Zot:4    | Gained mutation: You are covered in fur. (AC +1) [potion of
                  | mutation]
 65582 | Zot:5    | Noticed an orb of fire
 65588 | Zot:5    | Gained mutation: You are dopey. (Int -2) [an orb of fire]
 65590 | Zot:5    | Gained mutation: You do not regenerate when monsters are
                  | visible. [an orb of fire]
 65601 | Zot:5    | Gained mutation: You are very frail. (-20% HP) [an orb of
                  | fire]
 65606 | Zot:5    | Killed an orb of fire
 65607 | Zot:5    | Reached skill level 10 in Stealth
 65628 | Zot:5    | Lost mutation: You are very frail. (-20% HP) [potion of
                  | mutation]
 65628 | Zot:5    | Lost mutation: You are frail. (-10% HP) [potion of
                  | mutation]
 65628 | Zot:5    | Lost mutation: You occasionally lose the ability to drink
                  | potions when taking damage. [potion of mutation]
 65628 | Zot:5    | Gained mutation: You occasionally lose the ability to read
                  | scrolls when taking damage. [potion of mutation]
 65629 | Zot:5    | Lost mutation: You are covered in fur. (AC +1) [potion of
                  | mutation]
 65629 | Zot:5    | Lost mutation: You do not regenerate when monsters are
                  | visible. [potion of mutation]
 65629 | Zot:5    | Lost mutation: Your system is resistant to poisons. (rPois)
                  | [potion of mutation]
 65629 | Zot:5    | Lost mutation: You are dopey. (Int -2) [potion of mutation]
 65629 | Zot:5    | Gained mutation: You occasionally lose the ability to drink
                  | potions when taking damage. [potion of mutation]
 65629 | Zot:5    | Gained mutation: You occasionally shout uncontrollably at
                  | your foes. [potion of mutation]
 65629 | Zot:5    | Gained mutation: You have sharp toenails. [potion of
                  | mutation]
 65630 | Zot:5    | Lost mutation: You occasionally shout uncontrollably at
                  | your foes. [potion of mutation]
 65630 | Zot:5    | Lost mutation: You occasionally lose the ability to read
                  | scrolls when taking damage. [potion of mutation]
 65630 | Zot:5    | Gained mutation: You have an increased reservoir of magic.
                  | (+10% MP) [potion of mutation]
 65793 | Zot:5    | Noticed an orb of fire
 65805 | Zot:5    | Killed an orb of fire
 65809 | Zot:5    | Noticed an ancient lich
 65823 | Zot:5    | Killed an ancient lich
 65934 | Zot:5    | Noticed an orb of fire
 65935 | Zot:5    | Gained mutation: You are clumsy. (Dex -2) [an orb of fire]
 65946 | Zot:5    | Lost mutation: You have an increased reservoir of magic.
                  | (+10% MP) [an orb of fire]
 65960 | Zot:5    | Killed an orb of fire
 66076 | Zot:5    | Noticed an orb of fire
 66076 | Zot:5    | Gained mutation: You are vulnerable to heat. (rF-) [an orb
                  | of fire]
 66084 | Zot:5    | Killed an orb of fire
 66111 | Zot:5    | Noticed a Killer Klown
 66117 | Zot:5    | Killed a Killer Klown
 66118 | Zot:5    | Reached XP level 25. HP: 243/246 MP: 22/22
 66207 | Zot:5    | Noticed a Killer Klown
 66211 | Zot:5    | Noticed an orb of fire
 66231 | Zot:5    | Killed a Killer Klown
 66233 | Zot:5    | Gained mutation: You sometimes lose the ability to drink
                  | potions when taking damage. [an orb of fire]
 66235 | Zot:5    | Noticed an orb of fire
 66640 | Zot:5    | Got the Orb of Zot
 66659 | Zot:5    | Gained mutation: You are dopey. (Int -2) [an orb of fire]
 66659 | Zot:5    | Identified the +7 battleaxe of the Rat {flame, *Rage rPois
                  | rC+ rN+++} (Trog gifted it to you on level 5 of the Realm
                  | of Zot)
 66659 | Zot:5    | Received a gift from Trog
 66680 | Zot:4    | Noticed Uptent the pandemonium lord
 67241 | D:$      | Escaped with the Orb!

Illustrated notes

Levels and vault maps discovered:
D:1:      minmay_arrival_stair_chambers, layout_loops_ring, serial_shops,
          nicolae_square_shop, roderic_serpentine_path
D:2:      layout_basic, serial_rivers, chequers_serial_rivers_micro_a,
          chequers_serial_rivers_large_a, chequers_serial_rivers_micro_c,
          chequers_serial_rivers_micro_e
D:3:      layout_loops_ring, hellmonk_ecumenical_altar_prayer_group,
          biasface_ghost_orc_armoury, uniq_grinder
D:4:      layout_loops_ring, nrook_campfire, minmay_fractal_squares_gapless_5
D:5:      layout_basic, uniq_crazy_yiuf_cottage
D:6:      minmay_recursive_quarters, layout_loops_corners, serial_shops,
          nicolae_shop_statue_plus, minmay_bent
D:7:      layout_cave_pools, good_gods_mini_temple,
          minmay_temple_entry_purple_smoke, hex_medium
D:8:      layout_loops_ring, nicolae_overflow_hidden_temple,
          nicolae_uskayaw_dance_studio, uniq_maurice, uniq_joseph
D:9:      layout_roguey, due_lair_maze_entry_diamond
D:10:     layout_cave_pools, kennysheep_orc_monster_closet_entryway,
          serial_shops, nicolae_shop_statue_plus
D:11:     layout_loops_corners
D:12:     layout_layer_cave, ebering_ghost_inner_flame, hangedman_weighted_door
D:13:     layout_big_octagon, portal_ice_cave_entry_imps,
          kiku_gazebo_pond_becter
D:14:     layout_cave_pools, david_vaults_4, led_sif_pool, serial_shops, shop,
          uniq_azrael
D:15:     gammafunk_enter_depths_forms, layout_grid_maze, uniq_louise,
          uniq_rupert, uniq_kirke
Lair:1:   layout_regular_city
Lair:2:   layout_long_grid
Lair:3:   layout_regular_city, minmay_swamp_entry_worms,
          nicolae_snake_entry_warm_welcome, dreamdust_deal_with_the_devil,
          serial_bayou_shore_b, grunt_megastairs_5, uniq_urug
Lair:4:   layout_small_grid, minmay_slime_entry_jelly_boxes
Lair:5:   grunt_lair_end_beastmaster, layout_cave_shapes,
          chequers_serial_rivers_marsh, grunt_megastairs_3
Swamp:1:  layout_basic_swamp, nicolae_swamp_trees_clearing,
          nicolae_swamp_small_spring, uniq_frances
Swamp:2:  layout_basic_swamp, evilmike_swamp_ruin_rubble_1
Swamp:3:  layout_basic_swamp, evilmike_swamp_ruin_house_2, swamp_pool1,
          nicolae_swamp_little_tower, infiniplex_staircase_pool_2
Swamp:4:  swamp_fiery, layout_basic_swamp
Snake:1:  layout_chambers, nicolae_snake_scaly_snakehead, uniq_asterion,
          uniq_donald
Snake:2:  layout_gridlike, serial_bayou_shore_b, uniq_roxanne, uniq_vashnia
Snake:3:  layout_grid_maze, ebering_ghost_gozag, serial_shops,
          nicolae_square_shop, nicolae_integral_box, uniq_mlioglotl,
          uniq_jorgrun
Snake:4:  minmay_snake_end_coiled, layout_grid_maze, basic_altar
Orc:1:    layout_diamond_mine, basic_altar, uniq_sonja
Orc:2:    st_orc_mages, layout_diamond_mine, special_room, uniq_saint_roka
Elf:1:    nicolae_elf_arrival_fired_up, layout_loops_corners,
          minmay_elf_annihilation, nicolae_elf_v_pinch
Elf:2:    elven_hall_of_blades_hangedman_original
          [nicolae_blade_entry_antechamber], layout_loops_cross
Elf:3:    minmay_elf_hall_circle, layout_geoelf_octagon, glass_columns_a
Vaults:1: v_misc_14, dpeg_vaults_monster_row, ontoclasm_vaults_hangar,
          nicolae_vaults_little_squares_1, v_pattern_4,
          nicolae_vaults_little_squares_4, v_misc_23,
          vaults_dpeg_emergency_exit, vaults_room_semicircle,
          ontoclasm_vaults_idyll, layout_vaults_omnigrid
Vaults:2: hangedman_vaults_locks, grunt_vaults_hallway_long,
          hangedman_vaults_nails, vaults_room_fancy_cross, v_pattern_3,
          vaults_mumra_minichess, vaults_room_stairs_pillars,
          hangedman_vaults_trim, nicolae_vaults_sealed_display,
          nicolae_vaults_ring_of_whatevers, v_misc_22,
          ontoclasm_vaults_loading_screen, ontoclasm_vaults_hangar,
          nicolae_vaults_asterisk, vaults_room_hallway,
          ontoclasm_vaults_ring_small, layout_vaults_ring
Vaults:3: vaults_standard_mumra_lines, v_misc_22,
          minmay_crypt_entry_simple_round, v_rooms_5, grunt_vaults_twisty,
          nicolae_vaults_border_crossing, hangedman_vaults_corner,
          nicolae_vaults_theta, nicolae_vaults_network_star, v_misc_15,
          v_misc_14, v_alt_pattern_3, vaults_dpeg_cross, v_misc_25, v_misc_25,
          v_misc_25, hangedman_vaults_corner_blocks,
          ontoclasm_vaults_misaligned, nicolae_vaults_rhombus_7,
          nicolae_vaults_little_squares_6, layout_vaults_omnibox, serial_shops,
          nicolae_shop_behind_doors, uniq_sojobo, uniq_zenata
Vaults:4: st_smaller_cells, vaults_mumra_hexcomb, v_pattern_5,
          ontoclasm_vaults_eye, v_misc_28, nicolae_vaults_rhombus_6,
          grunt_vaults_diagonal, v_misc_4, v_rooms_4, layout_vaults_big_room,
          serial_shops, nicolae_diamond_shop
Vaults:5
Depths:1: layout_roguey, enter_ziggurat_c, grunt_hell_entry_dis_mu,
          corexii_leaking_fountain, ashenzari_altar_1
Depths:2: nicolae_cairo_tiling, layout_small_grid, abyss_entry,
          grunt_decor_one_mirror, pf_vacation_house_of_asmodeus,
          grunt_pan_entry_zigzag
Depths:3: kennysheep_green_arena, layout_basic, serial_shops, shop, hell_entry,
          serial_sigils, serial_sigils_hangedman_gnaw,
          serial_sigils_hangedman_gut, serial_sigils_hangedman_leer,
          serial_sigils_hangedman_etch, rand_demon_pan_entry_3,
          nicolae_abyss_entry_one_way_or_another, reono_crystal_passage,
          uniq_margery, uniq_mennas
Depths:4: lemuel_castle_with_subvaults [lemuel_castle_interior_carwin_1],
          layout_basic, minmay_misc_feat_chi, hell_entry, grunt_dithmenos_smoke
Zot:1:    layout_concentric_octagons, nicolae_transmutations_shop
Zot:2:    kennysheep_six_static_rooms, layout_cathedral_of_symmetry,
          chequers_guarded_unrand_mask_of_the_dragon
Zot:3:    layout_basic
Zot:4:    layout_concentric_octagons
Zot:5:    layout_misc_corridors

Skill      XL: |  1  2  3  4  5  6  7  8  9 10 11 12 13 14 15 16 17 18 19 20 21 22 23 24 25 |
---------------+----------------------------------------------------------------------------+-----
Axes           | 4 5 7 9 11 12 14 15 16 17 18 19 21 22 | 22.0
Fighting       | 4 5 6 7 10 11 12 14 16 17 18 20 21 22 23 24 25 | 25.0
Armour         | 3 4 6 8 11 12 14 16 18 20 22 23 24 25 | 25.0
Dodging        | 3 4 5 6 8 9 10 11 12 14 16 | 16.0
Stealth        | 3 4 5 10 | 10.0
Ranged Weapons | 3 6 |  6.0
Throwing       | 4 6 7 9 10 12 14 16 17 18 19 20 | 20.0
Evocations     | 8 9 10 12 13 14 15 16 | 16.0

Action                     |  1- 3 |  4- 6 |  7- 9 | 10-12 | 13-15 | 16-18 | 19-21 | 22-24 | 25-27 || total
---------------------------+-------+-------+-------+-------+-------+-------+-------+-------+-------++-------
  Melee: Hand axe          |    60 |     4 |       |       |       |       |       |       |       ||    64
         Headbutt          |     9 |    13 |    31 |    65 |   157 |   179 |   203 |   246 |    36 ||   939
         Flail             |       |    93 |    72 |       |       |       |       |       |       ||   165
         War axe           |       |       |   143 |   360 |   468 |       |       |       |       ||   971
         Mace              |       |       |    17 |       |       |       |       |       |       ||    17
         Punch             |       |       |       |     5 |     6 |       |       |       |       ||    11
         Battleaxe         |       |       |       |    10 |   156 |   647 |   885 |   549 |    85 ||  2332
         Executioner's axe |       |       |       |       |   175 |   223 |    31 |   402 |     7 ||   838
         Unarmed           |       |       |       |       |     4 |       |       |       |       ||     4
   Fire: Sling             |       |       |       |   111 |   160 |       |       |       |       ||   271
  Throw: Dart              |       |       |     1 |     3 |    11 |     5 |     4 |    51 |     3 ||    78
         Boomerang         |       |       |     7 |     1 |    18 |   274 |   142 |   312 |    17 ||   771
         Javelin           |       |       |       |       |       |       |     6 |     3 |       ||     9
         Throwing net      |       |       |       |       |       |       |       |     1 |       ||     1
 Invoke: Berserk           |     1 |     1 |     1 |     1 |     4 |     1 |     1 |       |       ||    10
         Trog's Hand       |       |     2 |     1 |       |     5 |     7 |    11 |    12 |     2 ||    40
         Brothers in Arms  |       |       |       |       |       |       |     2 |     3 |       ||     5
Ability: Evoke Blink       |       |       |       |       |       |       |       |     1 |       ||     1
  Evoke: Wand              |       |       |       |     1 |    10 |    14 |    14 |     2 |       ||    41
         Condenser vane    |       |       |       |       |     1 |     6 |     6 |     7 |       ||    20
         Lightning rod     |       |       |       |       |       |     2 |     4 |     4 |       ||    10
         Tin of tremorston |       |       |       |       |       |       |       |     2 |       ||     2
    Use: Scroll            |       |       |     8 |     4 |    16 |    14 |    18 |     9 |     8 ||    77
         Potion            |       |       |       |       |     1 |     2 |    11 |    18 |     3 ||    35
   Stab: Distracted        |       |       |     2 |       |       |       |       |       |       ||     2
         Sleeping          |       |       |     1 |       |       |       |       |       |       ||     1
         Petrified         |       |       |       |       |     4 |       |       |       |       ||     4
         Invisible         |       |       |       |       |       |       |       |     6 |       ||     6
 Armour: Ring mail         |    19 |    33 |   100 |    28 |       |       |       |       |       ||   180
         Leather armour    |       |       |     4 |     8 |       |       |       |       |       ||    12
         Chain mail        |       |       |       |   267 |   464 |       |       |       |       ||   731
         Crystal plate arm |       |       |       |       |   160 |   643 |   676 |   831 |   102 ||  2412
  Dodge: Dodged            |    33 |    38 |   165 |   238 |   555 |   805 |   837 |   814 |   114 ||  3599

Table legend: (Time is in decaauts)
 A = Elapsed time spent in this place.
 B = Non-inter-level travel time spent in this place.
 C = Inter-level travel time spent in this place.
 D = Time resting spent in this place.
 E = Time spent auto-exploring this place.
 F = Levels seen in this place.
 G = Mean time per level.
                   A        B        C        D        E       F      G
               +--------+--------+--------+--------+--------+-----+--------+
         Total |  67510 |  60748 |   6762 |   2380 |  45968 |  49 | 1377.8 |
       Dungeon |  18440 |  15342 |   3098 |    208 |  12286 |  15 | 1229.3 |
          Lair |   7153 |   6311 |    842 |    224 |   4842 |   5 | 1430.6 |
         Swamp |   4678 |   4409 |    269 |    325 |   3309 |   4 | 1169.5 |
     Snake Pit |   9034 |   8626 |    408 |    588 |   6622 |   4 | 2258.5 |
  Orcish Mines |   2749 |   2233 |    516 |     15 |   1684 |   2 | 1374.5 |
   Elven Halls |   2590 |   2360 |    230 |    104 |   1642 |   3 |  863.3 |
        Vaults |  10249 |   9602 |    647 |    593 |   7229 |   5 | 2049.8 |
        Depths |   5047 |   4568 |    479 |    195 |   3156 |   4 | 1261.8 |
           Zot |   6604 |   6335 |    269 |    127 |   4636 |   5 | 1320.8 |
         Abyss |     71 |     71 |      0 |      0 |      0 |   1 |   71.0 |
      Ice Cave |    889 |    889 |      0 |      0 |    559 |   1 |  889.0 |
               +--------+--------+--------+--------+--------+-----+--------+

Top non-repeatable levels by time:
 Snake:3: 2961 daAuts
 Snake:1: 2743 daAuts
Vaults:4: 2493 daAuts
Vaults:3: 2290 daAuts
Vaults:1: 2039 daAuts
   Zot:5: 1843 daAuts
 Snake:4: 1818 daAuts
  Lair:4: 1807 daAuts
   Orc:2: 1770 daAuts
Vaults:2: 1737 daAuts
    D:12: 1718 daAuts
Vaults:5: 1688 daAuts
Depths:4: 1639 daAuts
  Lair:5: 1630 daAuts
   Zot:2: 1589 daAuts
